 Dungeon Crawl Stone Soup version 0.24.0-125-gc4c63601f3 (webtiles) character file.

Game seed: 4453191102444706007, levelgen mode: deterministic

200 Lemonice the Changer (level 5, -1/35 HPs)
             Began as an Octopode Transmuter on Feb 23, 2020.
             Was an Initiate of Sif Muna.
             Slain by an orc
             ... wielding a +0 war axe
              (9 damage)
             ... on level 3 of the Dungeon.
             The game lasted 00:05:33 (2562 turns).

Lemonice the Changer (Octopode Transmuter)          Turns: 2562, Time: 00:05:33

Health: -1/35      AC:  2    Str: 10    XL:     5   Next: 78%
Magic:  10/17      EV: 19    Int: 16    God:    Sif Muna [......]
Gold:   131        SH:  0    Dex: 17    Spells: 4/8 levels left

rFire    . . .     SeeInvis .     - Unarmed
rCold    . . .     Gourm    .   (shield currently unavailable)
rNeg     . . .     Faith    .   (helmet currently unavailable)
rPois    x         Spirit   .   (no amulet)
rElec    .         Reflect  .   (no ring)
rCorr    .         Harm     .   f - ring of magical power
MR       .....                  (no ring)
Stlth    ++........             (no ring)
HPRegen  0.11/turn              (no ring)
MPRegen  0.15/turn              (no ring)
                                (no ring)
                                (no ring)

@: spider-form (expiring), very slightly contaminated
A: tiny, almost no armour, stealthy swim, (amphibious), 8 rings, (constrict 8)
a: End Transformation, Renounce Religion


You were on level 3 of the Dungeon.
You worshipped Sif Muna.
Sif Muna was noncommittal.
You were not hungry.
You were a venomous arachnid creature.
You visited 1 branch of the dungeon, and saw 3 of its levels.

You collected 131 gold pieces.

Inventory:

Missiles
 a - 32 arrows
Jewellery
 f - a ring of magical power (right front leg)
 g - an uncursed ring of fire
Wands
 m - a wand of flame (14)
Scrolls
 d - 2 scrolls of remove curse
 i - 5 scrolls of identify {unknown}
 n - a scroll of enchant armour {unknown}
 p - a scroll of teleportation {unknown}
Potions
 b - 2 potions of agility {unknown}
 c - a potion of might {unknown}
 e - 2 potions of heal wounds {unknown}
 h - 2 potions of resistance {unknown}
 j - a potion of mutation {unknown}
 k - a potion of curing {unknown}
 l - a potion of haste {unknown}
 o - a potion of lignification {unknown}
Comestibles
 q - a ration


   Skills:
 + Level 2.6 Fighting
 - Level 2.0 Dodging
 + Level 4.1 Unarmed Combat
 - Level 2.0 Spellcasting
 * Level 4.3 Transmutations


You had 4 spell levels left.
You knew the following spells:

 Your Spells              Type           Power        Failure   Level  Hunger
a - Beastly Appendage     Tmut           ###...       12%         1    #......
b - Spider Form           Tmut/Pois      #.........   47%         3    ###....

Your spell library contained the following spells:

 Spells                   Type           Power        Failure   Level  Hunger
 Sticks to Snakes         Tmut           ###.....     16%         2    ###....
 Ice Form                 Ice/Tmut       #.......     83%         4    #####..
 Blade Hands              Tmut           ###.......   85%         5    ######.


Dungeon Overview and Level Annotations

Branches:
Dungeon (3/15)

Altars:
Cheibriados
Makhleb
Okawaru
Sif Muna
The Shining One

Annotations:
D:3 Grinder


Innate Abilities, Weirdness & Mutations

You cannot wear most types of armour.
You are very stealthy in the water. (Stealth+)
((You are amphibious.))
You can wear up to eight rings at the same time.
((You can use your tentacles to constrict eight enemies at once.))
((Your skin changes colour to match your surroundings (Stealth+).))
((Your rubbery body absorbs attacks. (AC +1, EV +1)))


Message History

You kill the orc!
Sif Muna accepts your kill.
You tentacle-slap the orc. You grab the orc.
The orc is lightly wounded.
You constrict the orc. The orc hits you with a +0 whip.
Casting: Spider Form (safe; 26% risk of failure)
Confirm with . or Enter, or press ? or * to list all spells.
You turn into a venomous arachnid creature.
You lose your grip on the orc.
The orc hits you with a +0 whip.
* * * LOW HITPOINT WARNING * * *
You bite the orc!
You kill the orc!
Sif Muna accepts your kill.
Your transformation is almost over.
The orc closely misses you.
Items here: )) [[ †††† You hit the orc.
The orc is severely wounded.
The orc hits you with a +0 war axe!
You die...

#.## ...# #..## ##.#
#... ...# #.. #..#
### #.# # #..#
.....#####(##.####..#
#..os........##..#
#.#####.##.#.##..# #
###.##.#.##..####
#................
#.######.##.##### .#
#.# #.# # #. .# ###
###.###.######. ). .#
#..
....)...........5. .#
#.#
###.###.########..


You could see an orc.

Vanquished Creatures
  An orc wizard (D:3)
  Terence (D:3)
  5 adders
  An ooze (D:3)
  4 worms
  A leopard gecko (D:3)
  16 orcs (D:3)
  7 bats
  A giant cockroach (D:1)
  10 goblins
  6 hobgoblins
  3 jackals (D:2)
  5 kobolds
  4 frilled lizards
  5 rats
70 creatures vanquished.

Vanquished Creatures (others)
  A goblin (D:3)
1 creature vanquished.

Grand Total: 71 creatures vanquished

Notes
Turn   | Place    | Note
-------+----------+-------------------------------------------
     0 | D:1      | Lemonice the Octopode Transmuter began the quest for the
                  | Orb.
     0 | D:1      | Reached XP level 1. HP: 13/13 MP: 3/3
   242 | D:1      | Reached XP level 2. HP: 16/18 MP: 5/5
   829 | D:2      | Reached XP level 3. HP: 23/23 MP: 6/6
  1152 | D:2      | Learned a level 3 spell: Spider Form
  1308 | D:2      | Found an iron altar of Okawaru.
  1329 | D:2      | Reached XP level 4. HP: 16/29 MP: 7/7
  1807 | D:3      | Noticed Terence
  1819 | D:3      | Killed Terence
  1819 | D:3      | Reached XP level 5. HP: 14/34 MP: 8/8
  2051 | D:3      | Noticed Grinder
  2127 | D:3      | Found a glowing golden altar of the Shining One.
  2127 | D:3      | Found a faded altar of an unknown god.
  2132 | D:3      | Found a burning altar of Makhleb.
  2134 | D:3      | Found a faded altar of an unknown god.
  2135 | D:3      | Found a shimmering blue altar of Sif Muna.
  2168 | D:3      | Became a worshipper of Sif Muna the Loreminder
  2376 | D:3      | Found a snail-covered altar of Cheibriados.
  2562 | D:3      | Slain by an orc

Levels and vault maps discovered:
D:1:      dpeg_arrival_rooms_b, layout_loops_corners
D:2:      layout_basic, nicolae_overflow_crystal_walls
D:3:      layout_loops_ring, lemuel_coloured_pillars_altar,
          chequers_temple_overflow_minitemple, uniq_terence, uniq_grinder

Skill      XL: |  1  2  3  4  5 |
---------------+----------------+-----
Transmutations | 3 4 |  4.3
Fighting       | 2 |  2.6
Unarmed Combat | 4 |  4.1
Dodging        | |  2.0
Spellcasting   | |  2.0

Action                   |  1- 3 |  4- 6 || total
-------------------------+-------+-------++-------
Melee: Unarmed           |    72 |    99 ||   171
       Constrict         |    22 |    16 ||    38
       Tentacles         |    16 |     8 ||    24
       Punch             |     2 |     2 ||     4
       Kick              |     1 |     3 ||     4
 Cast: Beastly Appendage |     3 |     3 ||     6
       Spider Form       |       |     9 ||     9
  Use: Scroll            |     3 |       ||     3
 Stab: Sleeping          |     7 |     3 ||    10
  Eat: Chunk             |     1 |     2 ||     3
       Ration            |       |     1 ||     1
Armor: Skin              |     2 |     6 ||     8
Dodge: Dodged            |    49 |    55 ||   104
